Unix NetHack Version 5.0.0-0 post-release - last build May 10 2026 23:12:36 (d1fa5d53e341ca933230fdaa984d921c805b60aa,branch:main).

Game began 2026-05-11 15:12:46, ended 2026-05-11 19:56:19.

BitterJesus, neutral female gnomish Wizard

                                              -----
                                    .....     ...@o
                               --...........---.---
                               |...[...)........|
                               -................|
                                .....   ... #..-|
                           -..............# |.-.|
                          --...........|..# #...---
                         --.........----*.###.)...|
                         |..........|   .####--...--
                         |......^...-    ###.......|
                         --..........     *#.<.....|
                                .....     ##.......#-
                                 ....-     .........--
                                  |...|      ........--
                                   -..|       -.......|
                                    ---       --.--##.|
                                               ---  ---
BitterJesus the Conjurer  St:9 Dx:18 Co:11 In:19 Wi:9 Ch:8  Neutral
Dlvl:6  $:324 HP:0(28) Pw:36(36) AC:9  Xp:5/314 T:3528  Fainted  Deaf

Latest messages:
 You don't have anything to eat.
 What do you want to drink? [fgxG or ?*] ?
 What do you want to drink? [fgxG or ?*] g
 You feel full of awe.
 Call a clear potion: water
 What do you want to read? [ijlwB or ?*] w
 You read the scroll.
 The scroll erupts in a tower of flame!
 Boom!
 Simon is caught in the tower of flame!
 Your cloak smoulders!
 You faint from lack of food.
 The dwarf is hit by a rock!
 The dwarf is killed!
 You dream that you hear crashing rock.
 You regain consciousness.
 You can hear again.
 You faint from lack of food.
 You regain consciousness.
 You can hear again.
 You hear crashing rock.
 You faint from lack of food.
 You regain consciousness.
 You faint from lack of food.
 You regain consciousness.
 You faint from lack of food.
 You regain consciousness.
 You can hear again.
 You faint from lack of food.
 You regain consciousness.
 You can hear again.
 The Mordor orc hits!
 You faint from lack of food.
 The Mordor orc hits!
 The Mordor orc hits!
 The Mordor orc hits!
 You regain consciousness.
 You hit the Mordor orc.
 You can hear again.
 You faint from lack of food.
 The Mordor orc hits!
 The Mordor orc hits!
 The Mordor orc hits!
 The Mordor orc hits!
 You die...
 Do you want your possessions identified? [ynq] (y) y
 Do you want to see your attributes? [ynq] (y) y
 Do you want an account of creatures vanquished? [ynaq] (y) n
 Do you want to see your conduct and achievements? [ynq] (y) n
 Do you want to see the dungeon overview? [ynq] (y) n

Inventory:
 Coins    ('$')
  $ - 324 gold pieces
 Weapons  (')')
  u - a +0 elven dagger
  a - a blessed +1 quarterstaff (weapon in hands)
 Armor    ('[')
  D - an uncursed +0 pair of speed boots
  b - an uncursed burnt +0 cloak of magic resistance (being worn)
 Scrolls  ('?')
  i - an uncursed scroll of gold detection
  j - an uncursed scroll of identify
 Spellbooks  ('+')
  l - a blessed spellbook of force bolt
  B - an uncursed spellbook of healing
 Potions  ('!')
  x - an uncursed potion of healing
  f - a blessed potion of invisibility
  G - an uncursed potion of invisibility
 Rings    ('=')
  d - an uncursed ring of cold resistance
  e - an uncursed +1 ring of protection (on left hand)
  C - an uncursed ring of stealth
 Wands    ('/')
  o - a wand of locking (0:5)
  c - a wand of teleportation (0:6)
 Tools    ('(')
  h - an uncursed credit card
  E - an uncursed tin whistle

BitterJesus the Wizard's attributes:

Background:
 You were a Conjurer, a level 5 female gnomish Wizard.
 You were neutral, on a mission for Thoth
 who was opposed by Ptah (lawful) and Anhur (chaotic).
 You were right-handed.
 You were in the Gnomish Mines, on level 6.
 You entered the dungeon 3528 turns ago.
 You had 314 experience points, 6 more were needed to attain level 6.

Basics:
 You had 0 out of 28 hit points.
 You had all 36 energy points (spell power).
 Your armor class was 9.
 Your wallet contained 324 zorkmids.
 Autopickup was off.

Final Characteristics:
 Your strength was 9 (base:10, limit:18/50).
 Your dexterity was 18 (limit:18).
 Your constitution was 11 (limit:18).
 Your intelligence was 19 (limit:19).
 Your wisdom was 9 (limit:18).
 Your charisma was 8 (limit:18).

Final Status:
 You were deaf.
 You were fainted due to starvation.
 You were unencumbered.
 You were wielding a quarterstaff.
 You had basic skill with quarterstaff and could have enhanced that.

Final Attributes:
 You were piously aligned.
 You were magic-protected.
 You were telepathic.
 You had infravision.
 You had a small defense bonus (+1).
 You were guarded.
 You were unlucky.
 You are dead.

Miscellaneous:
 You didn't encounter any bones levels.
 Total elapsed playing time was 26 minutes and 30 seconds.

Major events:
 Turn
    1: BitterJesus the neutral female gnomish Wizard entered the dungeon
 1410: attained the rank of Conjurer (level 3)
 2110: entered the Gnomish Mines
 3528: killed by a Mordor orc, while fainted from lack of food

Spells:
 Name                 Level Category     Fail Retention
 force bolt             1   attack         0%   81%-90%
 wizard lock            2   matter        35%  76%-100%
 detect monsters        1   divination     0%  76%-100%
 healing                1   healing        0%  76%-100%

Skills:
 Fighting Skills
   bare handed combat [Unskilled]
   riding             [Unskilled]
 Weapon Skills
   dagger             [Unskilled]
   knife              [Unskilled]
   axe                [Unskilled]
   short sword        [Unskilled]
   club               [Unskilled]
   mace               [Unskilled]
   quarterstaff       [Basic]
   polearms           [Unskilled]
   spear              [Unskilled]
   trident            [Unskilled]
   sling              [Unskilled]
   dart               [Unskilled]
   shuriken           [Unskilled]
 Spellcasting Skills
   attack spells      [Basic]
   healing spells     [Unskilled]
   divination spells  [Unskilled]
   enchantment spells [Basic]
   clerical spells    [Unskilled]
   escape spells      [Unskilled]
   matter spells      [Unskilled]

Voluntary challenges:
 Character rerolling was not enabled.
 You never genocided any monsters.
 You never polymorphed an object.
 You never changed form.
 You used no wishes.
Achievements:
 You attained the rank of Conjurer.
 You entered a shop.
 You entered the Gnomish Mines.

 The Dungeons of Doom: levels 1 to 4
    Level 1:
       An altar, some fountains.
    Level 2:
       Some fountains.
    Level 3:
       An armor shop, a fountain.
       Stairs down to The Gnomish Mines.
    Level 4:
 The Gnomish Mines: levels 4 to 6
    Level 4:
    Level 5:
    Level 6: <- You were here.
       Final resting place for
          you, killed by a Mordor orc, while fainted from lack of food.


Vanquished creatures:
  a small mimic
  3 leprechauns
  a blue jelly
  a wood nymph
  a yellow light
  a gnome leader
  2 giant ants
  2 floating eyes
  5 dwarves
  a kobold leader
  4 hill orcs
  a giant bat
  3 orc zombies
  2 iguanas
  2 acid blobs
  3 hobbits
  a hobgoblin
  a giant rat
  3 cave spiders
  a yellow mold
  4 gnomes
  a gnome zombie
  4 geckos
  4 jackals
  2 goblins
  2 sewer rats
  9 grid bugs
  5 lichens
  2 kobold zombies
  7 newts
79 creatures vanquished.

No species were genocided or became extinct.

Game over:
                       ----------
                      /          \
                     /    REST    \
                    /      IN      \
                   /     PEACE      \
                  /                  \
                  |   BitterJesus    |
                  |      324 Au      |
                  |   killed by a    |
                  |    Mordor orc    |
                  |                  |
                  |                  |
                  |       2026       |
                 *|     *  *  *      | *
        _________)/\\_//(\/(/\)/\//\/|_)_______

Goodbye BitterJesus the Wizard...

You died in The Gnomish Mines on dungeon level 6 with 1818 points,
and 324 pieces of gold, after 3528 moves.
You were level 5 with a maximum of 28 hit points when you died.

